 Dungeon Crawl Stone Soup version 0.23.2-33-g5129a83184 (webtiles) character file.

Game seed: 17789930073068476537

2225 Folque the Conjurer (level 8, -1/59 HPs)
             Began as a Demigod Conjurer on July 26, 2019.
             Slain by a hippogriff (9 damage)
             ... on level 6 of the Dungeon.
             The game lasted 00:18:56 (7157 turns).

Folque the Conjurer (Demigod Conjurer)              Turns: 7157, Time: 00:19:00

Health: -1/59      AC:  4    Str: 11    XL:     8   Next: 90%
Magic:  0/18       EV: 13    Int: 23    God:
Gold:   311        SH:  0    Dex: 16    Spells: 2/16 levels left

rFire    . . .     SeeInvis .   q - +2 short sword (elec)
rCold    . . .     Gourm    .   (no shield)
rNeg     . . .     Faith    .   a - +0 robe
rPois    .         Spirit   .   (no helmet)
rElec    .         Reflect  .   t - +0 cloak
rCorr    .         Harm     .   p - +0 pair of gloves
MR       .....                  (no boots)
Stlth    +++.......             (no amulet)
HPRegen  0.19/turn              (no ring)
MPRegen  0.16/turn              (no ring)

@: no status effects
A: high mp 1
a: no special abilities


You were on level 6 of the Dungeon.
You were not hungry.

You visited 1 branch of the dungeon, and saw 7 of its levels.

You collected 311 gold pieces.

Inventory:

Hand Weapons
 q - a +2 short sword of electrocution (weapon)
 w - a +1 dagger of venom
Missiles
 h - 5 tomahawks (quivered)
Armour
 a - a +0 robe (worn)
 b - a +0 ring mail
 p - a +0 pair of gloves (worn)
 t - a +0 cloak (worn)
Magical Staves
 F - an uncursed staff of fire
Jewellery
 i - an uncursed ring of ice {unknown}
 l - an uncursed ring of see invisible {unknown}
 y - an uncursed ring of stealth {unknown}
Wands
 C - a wand of digging (6)
Scrolls
 d - 3 scrolls of fog {unknown}
 e - 2 scrolls of remove curse
 g - 8 scrolls of identify
 x - a scroll of immolation
 E - 2 scrolls of amnesia
Potions
 f - a potion of heal wounds
 m - 3 potions of degeneration {unknown}
 o - 4 potions of haste {unknown}
 r - a potion of might {unknown}
 s - a potion of lignification {unknown}
 u - a potion of mutation {unknown}
 v - a potion of invisibility {unknown}
 z - 2 potions of curing
 B - a potion of magic {unknown}
 D - a potion of ambrosia {unknown}
 G - 2 potions of resistance {unknown}
Comestibles
 c - 7 rations


   Skills:
 - Level 1.3 Fighting
 + Level 3.1 Dodging
 - Level 3.4 Stealth
 - Level 4.6 Spellcasting
 * Level 7.1 Conjurations
 + Level 6.6 Hexes


You had 2 spell levels left.
You knew the following spells:

 Your Spells              Type           Power        Failure   Level  Hunger
a - Magic Dart            Conj           ####         1%          1    None
b - Searing Ray           Conj           #####.       1%          2    None
c - Dazzling Spray        Conj/Hex       #####.       1%          3    ##.....
d - Fulminant Prism       Conj/Hex       #####.....   6%          4    ####...
f - Force Lance           Conj/Tloc      ###.....     22%         4    ####...

Your spell library contained the following spells:

 Spells                   Type           Power        Failure   Level  Hunger
 Corona                   Hex            #####..      1%          1    None
 Ensorcelled Hibernation  Hex/Ice        ###...       3%          2    None
 Summon Small Mammal      Summ           #...         10%         1    None
 Call Imp                 Summ           #.......     14%         2    None
 Confuse                  Hex            #####...     1%          3    ##.....
 Tukima's Dance           Hex            #####...     1%          3    ##.....
 Iskenderun's Mystic Bla  Conj           #####...     5%          4    ####...
 Summon Guardian Golem    Hex/Summ       ###.....     8%          3    ##.....
 Call Canine Familiar     Summ           #.......     28%         3    ##.....
 Summon Ice Beast         Ice/Summ       #.......     67%         4    ####...
 Summon Lightning Spire   Summ/Air       #.......     67%         4    ####...


Dungeon Overview and Level Annotations

Branches:
Dungeon (7/15)
 Temple: D:4-7


Innate Abilities, Weirdness & Mutations

You have an increased reservoir of magic. (+10% MP)


Message History

The hippogriff misses you. The hippogriff claws you.
You hit the hippogriff but do no damage.
Lightning courses through the hippogriff!!
The hippogriff is almost dead.
The hippogriff bites you! The hippogriff pecks you.
* * * LOW HITPOINT WARNING * * *
The hippogriff claws you!
* * * LOW HITPOINT WARNING * * *
Casting: Fulminant Prism (safe; 6% risk of failure)
Confirm with . or Enter, or press ? or * to list all spells.
Aiming: Searing Ray (safe; 1% risk of failure)
Press: ? - help, Shift-Dir - straight line, f/p - hippogriff
Aim: a hippogriff (almost dead)
The searing ray hits the hippogriff.
The hippogriff is almost dead. (Press . to maintain the ray.)
The hippogriff barely misses you.
The hippogriff pecks you but does no damage.
The hippogriff claws you!
You die...

.....# #.........##
##'## ...###
#....(.....# #.# ..##
#..........####.#####
.##
#...................###
##
#####..................
# #..........>..#.### #
#.##..........#.# #
#.##...##.#.###.# #
#.@Ho...).......#
#################


You could see a hippogriff and an orc.

Vanquished Creatures
  Grinder (D:4)
  A hippogriff (D:5)
  Eustachio (D:4)
  A hungry ghost (D:6)
  2 phantoms
  A hornet zombie (D:5)
  An ice beast (D:6)
  2 ogres
  A necrophage (D:6)
  A centaur (D:5)
  A big kobold (D:6)
  A bullfrog (D:6)
  3 scorpions
  A centaur zombie (D:6)
  A crimson imp (D:5)
  3 hounds
  A bullfrog skeleton (D:5)
  An orc priest (D:4)
  Crazy Yiuf (D:3)
  2 iguanas
  4 orc wizards
  A worker ant (D:6)
  A hound skeleton (D:5)
  3 gnolls (D:3)
  5 adders
  An adder skeleton (D:5)
  A worm (D:5)
  A dart slug (D:3)
  3 leopard geckos
  11 orcs
  12 bats
  5 giant cockroaches
  4 goblins
  6 hobgoblins
  2 jackals (D:4)
  4 quokkas
  2 ball pythons
  6 frilled lizards
  10 kobolds
  A leopard gecko skeleton (D:4)
  A quokka skeleton (D:6)
  4 rats
115 creatures vanquished.

Vanquished Creatures (others)
  7 fulminant prisms
7 creatures vanquished.

Grand Total: 122 creatures vanquished

Notes
Turn   | Place    | Note
-------+----------+-------------------------------------------
     0 | D:1      | Folque the Demigod Conjurer began the quest for the Orb.
     0 | D:1      | Reached XP level 1. HP: 14/14 MP: 5/5
   535 | D:1      | Reached XP level 2. HP: 22/22 MP: 4/7
   539 | D:1      | Learned a level 2 spell: Searing Ray
   919 | D:2      | Noticed a scorpion
   927 | D:2      | Killed a scorpion
   927 | D:2      | Reached skill level 1 in Fighting
   927 | D:2      | Reached skill level 4 in Conjurations
   927 | D:2      | Reached XP level 3. HP: 19/28 MP: 1/9
   935 | D:2      | Learned a level 3 spell: Dazzling Spray
   974 | D:2      | Found a shadowy altar of Dithmenos.
  1606 | D:2      | Found a sparkling altar of Nemelex Xobeh.
  1696 | D:3      | Reached XP level 4. HP: 35/35 MP: 4/11
  1725 | D:3      | Reached skill level 1 in Hexes
  1864 | D:3      | Found a runed translucent door.
  1865 | D:3      | Noticed Crazy Yiuf
  1871 | D:3      | Killed Crazy Yiuf
  2115 | D:3      | Found a radiant altar of Vehumet.
  2201 | D:3      | Reached XP level 5. HP: 37/40 MP: 2/12
  2230 | D:3      | Found a shimmering altar of Xom.
  2422 | D:3      | Found a deep blue altar of Sif Muna.
  2492 | D:3      | Learned a level 4 spell: Fulminant Prism
  3079 | D:4      | Noticed a phantom
  3103 | D:4      | Killed a phantom
  3103 | D:4      | Reached XP level 6. HP: 30/47 MP: 1/14
  3416 | D:4      | Reached skill level 5 in Conjurations
  3756 | D:4      | Noticed Grinder
  3765 | D:4      | Killed Grinder
  3765 | D:4      | Reached XP level 7. HP: 41/52 MP: 5/16
  3885 | D:4      | Learned a level 2 spell: Ensorcelled Hibernation
  3993 | D:4      | Noticed Eustachio
  4002 | D:4      | Killed Eustachio
  4002 | D:4      | Reached skill level 5 in Hexes
  4582 | D:5      | Entered Level 5 of the Dungeon
  4897 | D:5      | Reached XP level 8. HP: 57/59 MP: 16/18
  4983 | D:5      | Noticed a hippogriff
  4995 | D:5      | Killed a hippogriff
  5330 | D:5      | Learned a level 4 spell: Force Lance
  5565 | D:5      | Reached skill level 6 in Conjurations
  7117 | D:7      | Reached skill level 7 in Conjurations
  7124 | D:7      | Noticed a hippogriff
  7157 | D:6      | Slain by a hippogriff

Skill      XL: |  1  2  3  4  5  6  7  8 |
---------------+-------------------------+-----
Spellcasting   | 2 3 4 |  4.6
Fighting       | 1 |  1.3
Conjurations   | 4 5 7 |  7.1
Hexes          | 1 3 4 5 6 |  6.6
Stealth        | 2 3 |  3.4
Dodging        | 3 |  3.1

Action                   |  1- 3 |  4- 6 |  7- 9 || total
-------------------------+-------+-------+-------++-------
Melee: Dagger            |    47 |       |       ||    47
       Glaive            |    20 |       |       ||    20
       Short sword       |    25 |    78 |    72 ||   175
Throw: Tomahawk          |       |       |     1 ||     1
 Cast: Magic Dart        |     6 |     1 |     4 ||    11
       Searing Ray       |     3 |    20 |    20 ||    43
       Dazzling Spray    |     1 |     4 |     3 ||     8
       Ensorcelled Hiber |       |       |     8 ||     8
       Fulminant Prism   |       |       |     7 ||     7
       Force Lance       |       |       |     9 ||     9
  Use: Potion            |       |     1 |     3 ||     4
       Scroll            |       |       |     7 ||     7
 Stab: Sleeping          |     5 |     2 |     5 ||    12
       Invisible         |       |     1 |       ||     1
  Eat: Chunk             |     2 |     8 |     8 ||    18
       Ration            |       |       |     2 ||     2
Armor: Robe              |    23 |    11 |    31 ||    65
Dodge: Dodged            |    67 |    63 |    73 ||   203
